 Dungeon Crawl Stone Soup version 0.26.1-11-gd32895ea62 (webtiles) character file.

Game seed: 6782004941649059652

130117 Zeld the Metallomancer (level 17, -1/99 (103) HPs)
             Began as a Gargoyle Earth Elementalist on June 8, 2021.
             Was a High Priest of Vehumet.
             Slain by an orc warrior
             ... wielding a +0 glaive
              (11 damage)
             ... on level 2 of the Orcish Mines.
             The game lasted 01:47:35 (64324 turns).

Zeld the Metallomancer (GrEE)                      Turns: 64324, Time: 01:47:36

HP:   -1/99 (103)   AC: 27    Str: 12      XL:     17   Next: 7%
MP:   0/42          EV: 18    Int: 29 (30) God:    Vehumet [*****.]
Gold: 1831          SH: 11    Dex: 13      Spells: 10/40 levels left

rFire    . . .     SeeInvis .   a - staff of earth
rCold    . . .     Faith    .   I - +1 buckler
rNeg     + . .     Spirit   .   c - +2 robe {Will+}
rPois    ∞         Reflect  +   H - +2 helmet
rElec    +         Harm     .   d - +2 cloak
rCorr    .         Rampage  .   l - +2 pair of gloves
Will     ++...                  w - +1 pair of boots "Idwehimem" {Int+7 Dex+3}
Stlth    ++........             B - amulet of reflection
HPRegen  0.26/turn              i - ring of magical power
MPRegen  0.28/turn              (no ring)

@: marked, flying, lightly drained
A: big wings, negative energy resistance 1, electricity resistance, unbreathing,
petrification resistance, miasma immunity, AC +12
a: Stop Flying, Renounce Religion


You were on level 2 of the Orcish Mines.
You worshipped Vehumet.
Vehumet was extremely pleased with you.
You visited 4 branches of the dungeon, and saw 24 of its levels.
You also visited: Sewer.

You collected 3531 gold pieces.
You spent 1700 gold pieces at shops.

Inventory:

Hand Weapons
 b - a +9 quarterstaff of flaming
Missiles
 E - 666 stones (quivered)
Armour
 c - a +2 robe of willpower (worn)
 d - a +2 cloak (worn)
 l - a +2 pair of gloves (worn)
 w - the +1 pair of boots "Idwehimem" (worn) {Int+7 Dex+3}
   (You bought it in a shop on level 15 of the Dungeon)

   It affects your intelligence (+7).
   It affects your dexterity (+3).
 H - a +2 helmet (worn)
 I - a +1 buckler (worn)
Magical Staves
 a - an uncursed staff of earth (weapon)
Jewellery
 f - an uncursed ring of protection from cold
 i - a ring of magical power (left hand)
 B - an amulet of reflection (around neck)
 N - a +4 ring of evasion {unknown}
Wands
 k - a wand of digging (3)
 s - a wand of enslavement (7)
 y - a wand of disintegration (53)
 z - a wand of paralysis (6)
 A - a wand of acid (10)
 F - a wand of iceblast (15)
 L - a wand of polymorph (8)
Scrolls
 h - 7 scrolls of teleportation
 j - 9 scrolls of remove curse
 o - 3 scrolls of magic mapping
 J - a scroll of enchant weapon
 K - a scroll of brand weapon
Potions
 e - 2 potions of cancellation
 g - 9 potions of heal wounds
 m - 7 potions of curing
 n - a potion of magic
 p - 6 potions of brilliance
 q - a potion of haste
 t - 2 potions of berserk rage
 u - 6 potions of flight {unknown}
 v - 5 potions of might
 x - 2 potions of ambrosia {unknown}
 G - 3 potions of resistance
Miscellaneous
 r - a lightning rod (4/4)
 C - a condenser vane
 D - a phantom mirror


   Skills:
 + Level 10.4 Fighting
 + Level 12.2 Staves
 - Level 10.0 Dodging
 - Level 2.1 Stealth
 - Level 4.0 Shields
 + Level 12.4 Spellcasting
 - Level 0.7 Transmutations
 * Level 21.0 Earth Magic


You had 10 spell levels left.
You knew the following spells:

 Your Spells              Type           Power        Failure   Level
a - Sandblast             Erth           100%         0%          1
b - Passwall              Tmut/Erth      73%          1%          2
c - Stone Arrow           Conj/Erth      100%         1%          3
d - Petrify               Tmut/Erth      88%          1%          4
e - Lee's Rapid Deconstr  Erth           59%          0%          5
f - Iron Shot             Conj/Erth      43%          1%          6
g - Shatter               Erth           59%          14%         9

Your spell library contained the following spells:

 Spells                   Type           Power        Failure   Level
 Irradiate                Conj/Tmut      10%          17%         5
 Leda's Liquefaction      Hex/Erth       43%          1%          4
 Bolt of Magma            Conj/Fire/Erth 36%          1%          5
 Borgnjor's Vile Clutch   Necr/Erth      43%          1%          5
 Apportation              Tloc           36%          3%          1
 Summon Small Mammal      Summ           72%          3%          1
 Call Imp                 Summ           18%          4%          2
 Call Canine Familiar     Summ           18%          9%          3
 Lesser Beckoning         Tloc           9%           9%          3
 Summon Guardian Golem    Hex/Summ       18%          9%          3
 Tukima's Dance           Hex            18%          9%          3
 Animate Dead             Necr           9%           28%         4
 Summon Ice Beast         Ice/Summ       18%          28%         4
 Summon Lightning Spire   Summ/Air       18%          28%         4
 Alistair's Intoxication  Tmut/Pois      13%          56%         5
 Death Channel            Necr           9%           99%         6
 Invisibility             Hex            18%          99%         6
 Simulacrum               Ice/Necr       9%           99%         6
 Statue Form              Tmut/Erth      Unusable     N/A         6

Dungeon Overview and Level Annotations

Branches:
Dungeon (15/15)            Temple (1/1) D:7            Lair (6/6) D:9
  Swamp (0/4) Lair:4       Spider (0/4) Lair:3        Slime (0/5) Lair:6
    Orc (2/2) D:9          Vaults (0/5) D:13         Depths (0/5) D:15
  Sewer (visited)
    Elf: Orc:2

Altars:
Ashenzari
Cheibriados
Dithmenos
Elyvilon
Fedhas
Gozag
Hepliaklqana
Kikubaaqudgha
Makhleb
Nemelex Xobeh
Okawaru
Qazlal
Ru
Sif Muna
Trog
Uskayaw
Vehumet
Wu Jian
Xom
Yredelemnul
Zin
The Shining One
Beogh

Shops:
D:6 *   D:7 :   D:10 :[   D:15 [[[


Innate Abilities, Weirdness & Mutations

You are resistant to torment.
Your stone body is resilient. (AC +12)
You are immune to poison.
Your large and strong wings let you fly indefinitely.
You resist negative energy. (rN+)
You are resistant to electric shocks. (rElec)
You can survive without breathing.
You are immune to petrification.
You are immune to miasma.


Message History

The ogre hits you but does no damage.
An orc priest comes into view.
The orc sorcerer mumbles some strange words.
You hear some strange, mumbled words.
A magic dart appears from out of thin air!
The magic dart hits you but does no damage.
The orc high priest hits you but does no damage.
The red devil hits you from afar with a +1 antimagic trident.
* * * LOW HITPOINT WARNING * * *
You feel your power leaking away.
The orc high priest utters an invocation to Beogh.
The orc sorcerer hits you but does no damage.
You can move again.
Blink to where?
Press: ? - help, Dir - move target, p - orc knight
As you read the scroll of blinking, it crumbles to dust.
The orc knight roars a battlecry!
The orc knight goes into a battle-frenzy!
The orc warrior hits you with a +0 glaive!
You die...

.......(## ##.## ###
..)...)..###...# ##.##
...)).))...#...###...#
...)###)[...#..##.#.#
.).[. ##............##
.).... ##o...........#
....... ##...#.#....##
####....
##..##..[..### ##...
#.#..#@[....##
#...#..o4oo.[....#
#...3.o.)....#
##..ooo§{4....#
#...o4#Oo.....#
##.....ooo.....#
##.......o4.....#
#......#.)......#
###...............#


You could see 2 orc knights, 3 orc high priests, 2 orange demons, a smoke demon
(summoned), a chaos spawn (summoned), 2 orc sorcerers, a red devil (summoned), 4
orc warriors, an ogre, an orc priest (strong) and an orc (strong).

Vanquished Creatures
  Jorgrun (D:14)
  Kirke (D:15)
  An orc warlord (Orc:1)
  A stone giant (Orc:2)
  Nessos (Lair:6)
  Azrael (D:15)
  The ghost of roke1 the Severer, a journeyman HOMo of Yredelemnul (D:11)
  Snorg (D:13)
  The ghost of Beepinex the Cleaver, a journeyman HOFi of Uskayaw (D:11)
  A dire elephant (Lair:6)
  Josephine (D:10)
  2 yaktaur captains (D:15)
  2 great orbs of eyes
  Fannar (Lair:2)
  An ice dragon (Lair:4)
  The ghost of ubername the Carver, a journeyman BaBe of Trog (D:12)
  9 vault guards
  2 catoblepae
  5 centaur warriors
  4 boulder beetles
  5 hydras
  A death knight (D:15)
  3 deep troll shamans
  10 two-headed ogres
  4 ogre magi (D:15)
  9 death yaks
  3 tengu warriors
  Urug (Lair:6)
  Sonja (D:13)
  9 skeletal warriors
  3 unseen horrors
  2 deep elf archers
  A sea snake (shapeshifter) (D:13)
  A phantasmal warrior (D:14)
  4 orange crystal statues (Orc:1)
  A wizard (D:13)
  5 orc knights
  2 wolf spider zombies (D:15)
  A deep elf mage (D:15)
  A necromancer (D:15)
  5 cyclopes
  3 orc sorcerers
  9 ugly things
  4 manticores
  5 black mambas
  16 elephants
  A torpor snail (Lair:5)
  2 kobold demonologists
  9 cane toads
  A gargoyle (D:15)
  5 komodo dragons
  A freezing wraith (D:15)
  An efreet (D:8)
  A yaktaur (D:13)
  A tyrant leech (Lair:4)
  10 polar bears
  A hornet (D:13)
  A tengu conjurer (D:14)
  2 meliai (shapeshifter) (D:15)
  A meliai (D:15)
  4 trolls
  A tyrant leech (shapeshifter) (D:15)
  8 blink frogs (Lair:3)
  2 wolf spider simulacra (D:15)
  A meliai zombie (D:13)
  2 slime creatures (D:15)
  2 vampires
  3 shadows
  8 wraiths
  A redback (D:15)
  75 yaks
  7 wyverns
  3 basilisks
  3 fire elementals
  3 hogs (D:15)
  5 vampire mosquitoes
  2 steam dragons
  A soldier ant (D:14)
  3 wargs
  2 swamp worms (Lair:4)
  5 hell hounds
  13 water moccasins
  2 floating eyes
  5 sky beasts
  23 orc warriors
  A meliai simulacrum (D:15)
  3 eyes of draining
  4 ice beasts
  8 black bears
  A black bear (shapeshifter) (D:15)
  A hornet zombie (D:11)
  2 necrophages
  8 centaurs
  12 ogres
  15 wolves
  3 elf zombies (D:5)
  2 big kobolds
  20 bullfrogs
  An elf skeleton (D:5)
  A wyvern skeleton (D:11)
  5 scorpions
  14 wights
  An electric eel (Lair:4)
  6 howler monkeys (D:11)
  3 bullfrog zombies
  6 centaur zombies
  2 quasits
  5 jellies
  16 orc priests
  5 centaur skeletons
  A gnoll shaman (D:8)
  2 human zombies (D:5)
  10 hounds
  3 human skeletons (D:5)
  15 orc wizards
  A bullfrog skeleton (D:12)
  5 iguanas
  14 worker ants
  The ghost of Zeld the Sneak, a weakling HuDe (D:4)
  2 centaur simulacra
  4 hound skeletons
  2 howler monkey zombies
  2 worker ant zombies
  20 adders
  5 gnolls (D:8)
  5 river rats (Sewer)
  A hound simulacrum (D:4)
  A shadow imp (D:8)
  4 white imps
  A worker ant simulacrum (D:4)
  3 ufetubi
  An ooze (D:2)
  2 adder zombies
  3 adder skeletons
  6 worms
  3 dart slugs
  5 leopard geckos
  70 orcs
  12 giant cockroaches
  7 goblins
  9 hobgoblins
  8 jackals
  8 quokkas
  6 ball pythons
  A ball python skeleton (D:5)
  4 bats
  9 frilled lizards
  A jackal simulacrum (D:4)
  33 kobolds
  2 leopard gecko simulacra (D:4)
  A leopard gecko skeleton (D:8)
  An orc skeleton (D:5)
  An orc zombie (D:5)
  A quokka simulacrum (D:4)
  A quokka skeleton (D:8)
  A quokka zombie (D:5)
  27 rats
838 creatures vanquished.

Vanquished Creatures (others)
  An orc warrior (Orc:2)
  2 orc wizards (Orc:2)
  2 orcs (Orc:2)
  16 fungi
  39 plants
60 creatures vanquished.

Grand Total: 898 creatures vanquished

Notes
Turn   | Place    | Note
-------+----------+-------------------------------------------
     0 | D:1      | Zeld the Gargoyle Earth Elementalist began the quest for
                  | the Orb.
     0 | D:1      | Reached XP level 1. HP: 10/10 MP: 3/3
   739 | D:1      | Reached XP level 2. HP: 14/16 MP: 0/5
   742 | D:1      | Learned a level 2 spell: Passwall
  1051 | D:1      | Reached skill level 4 in Earth Magic
  1830 | D:1      | Reached skill level 1 in Fighting
  2276 | D:2      | Reached XP level 3. HP: 20/20 MP: 0/6
  2280 | D:2      | Learned a level 3 spell: Stone Arrow
  3517 | D:2      | Reached XP level 4. HP: 25/25 MP: 4/7
  4935 | D:2      | Reached skill level 5 in Earth Magic
  5294 | D:3      | Reached XP level 5. HP: 30/30 MP: 7/9
  5384 | D:3      | Found a white marble altar of Elyvilon.
  5567 | D:3      | Found a sacrificial altar of Ru.
  6696 | D:3      | Reached XP level 6. HP: 36/36 MP: 7/10
  6702 | D:3      | Learned a level 4 spell: Petrify
  7306 | D:4      | Reached skill level 6 in Earth Magic
  7338 | D:4      | Noticed Zeld's ghost (weakling HuDe)
  7338 | D:4      | Noticed an ice beast
  7492 | D:4      | Found a runed translucent gate.
  7492 | D:4      | Found a runed translucent gate.
  7492 | D:4      | Found a runed translucent gate.
  7669 | D:4      | Reached XP level 7. HP: 39/41 MP: 6/12
  7741 | D:4      | Found an ornate altar of the Wu Jian Council.
  7932 | D:5      | Entered Level 5 of the Dungeon
  7935 | D:5      | Found a hide-covered altar of Uskayaw.
  7949 | D:5      | Got a dazzling cloak
  7960 | D:5      | Identified the +1 cloak of Ceboa {Harm rF+ Dex+5} (You
                  | found it on level 5 of the Dungeon)
  8020 | D:5      | Found a glowing drain.
  8025 | Sewer    | Entered a sewer
  8975 | Sewer    | Reached skill level 7 in Earth Magic
  9278 | D:5      | Found a broken altar of Ashenzari.
  9709 | D:5      | Reached XP level 8. HP: 48/48 MP: 5/14
  9715 | D:5      | Learned a level 5 spell: Lee's Rapid Deconstruction
 10094 | D:5      | Reached skill level 8 in Earth Magic
 10218 | D:5      | Found a glowing golden altar of the Shining One.
 10555 | D:5      | Identified a scroll of acquirement
 10556 | D:5      | Acquired a book of the Earth
 11295 | D:6      | Reached skill level 5 in Fighting
 11311 | D:6      | Reached skill level 9 in Earth Magic
 11430 | D:6      | Found a glowing silver altar of Zin.
 11538 | D:6      | Reached XP level 9. HP: 54/54 MP: 0/16
 11836 | D:6      | Found Ceifeuhy's General Store.
 11844 | D:6      | Bought a scroll of identify for 22 gold pieces
 11844 | D:6      | Bought a scroll of blinking for 82 gold pieces
 11844 | D:6      | Bought 20 stones for 22 gold pieces
 11844 | D:6      | Bought 15 stones for 16 gold pieces
 12009 | D:6      | Reached skill level 5 in Spellcasting
 12639 | D:7      | Found Cunoq's Book Boutique.
 13947 | D:7      | Reached skill level 10 in Earth Magic
 14449 | D:7      | Acquired 934 gold pieces
 14615 | D:7      | Found a staircase to the Ecumenical Temple.
 14677 | Temple   | Entered the Ecumenical Temple
 14732 | Temple   | Became a worshipper of Vehumet
 15082 | D:4      | Killed Zeld's ghost
 15603 | D:8      | Noticed an efreet
 15614 | D:8      | Reached skill level 1 in Staves
 16006 | D:8      | Noticed a two-headed ogre
 16026 | D:8      | Killed a two-headed ogre
 16027 | D:8      | Reached skill level 5 in Dodging
 16027 | D:8      | Reached XP level 10. HP: 61/61 MP: 1/18
 16599 | D:8      | Noticed a kobold demonologist
 16877 | D:8      | Reached skill level 11 in Earth Magic
 17131 | D:8      | Reached * piety under Vehumet
 17131 | D:8      | Offered knowledge of Shock by Vehumet.
 17142 | D:8      | Learned a level 6 spell: Iron Shot
 17504 | D:8      | Noticed a brown ugly thing
 17555 | D:7      | Killed a brown ugly thing
 17702 | D:8      | Found a stormy altar of Qazlal.
 18051 | D:8      | Identified the +4 dagger of Spite {vorpal, *Contam Str+7
                  | Dex+3}
 18241 | D:8      | Noticed a manticore
 18246 | D:8      | Killed a manticore
 18584 | D:8      | Found an iron altar of Okawaru.
 19004 | D:8      | Killed a kobold demonologist
 19005 | D:8      | Reached skill level 5 in Staves
 19444 | D:9      | Offered knowledge of Magic Dart by Vehumet.
 19719 | D:9      | Found a staircase to the Lair.
 19727 | D:9      | Reached skill level 12 in Earth Magic
 19727 | D:9      | Reached ** piety under Vehumet
 19932 | D:9      | Reached XP level 11. HP: 66/67 MP: 10/21
 20394 | D:8      | Killed an unseen horror
 22365 | D:9      | Found a staircase to the Orcish Mines.
 22491 | D:10     | Entered Level 10 of the Dungeon
 22494 | D:10     | Offered knowledge of Mephitic Cloud by Vehumet.
 22931 | D:10     | Found Peekiyna's Distillery.
 22934 | D:10     | Bought a potion of curing for 39 gold pieces
 22934 | D:10     | Bought a potion of brilliance for 52 gold pieces
 22934 | D:10     | Bought a potion of might for 52 gold pieces
 22934 | D:10     | Bought a potion of curing for 39 gold pieces
 22934 | D:10     | Bought a potion of curing for 39 gold pieces
 22934 | D:10     | Bought 2 potions of heal wounds for 130 gold pieces
 22934 | D:10     | Bought a potion of resistance for 130 gold pieces
 22934 | D:10     | Bought a potion of lignification for 39 gold pieces
 22934 | D:10     | Bought a potion of mutation for 104 gold pieces
 22934 | D:10     | Bought a potion of lignification for 39 gold pieces
 23616 | D:10     | Found Deg Wimm's Antique Armour Emporium.
 23646 | D:10     | Bought a glowing scarf for 136 gold pieces
 23646 | D:10     | Bought a glowing robe for 62 gold pieces
 23943 | D:10     | Noticed a two-headed ogre
 23949 | D:10     | Killed a two-headed ogre
 24178 | D:10     | Found Heino's Book Shop.
 24264 | D:10     | Reached *** piety under Vehumet
 24836 | D:11     | Reached skill level 13 in Earth Magic
 24993 | D:11     | Noticed a skeletal warrior
 24993 | D:11     | Noticed a skeletal warrior
 24993 | D:11     | Noticed a skeletal warrior
 24993 | D:11     | Noticed a skeletal warrior
 24994 | D:11     | Noticed a skeletal warrior
 25076 | D:10     | Killed a skeletal warrior
 25514 | D:11     | Offered knowledge of Sticky Flame by Vehumet.
 25784 | D:11     | Noticed a manticore
 25792 | D:11     | Killed a manticore
 26129 | D:11     | Noticed a brown ugly thing
 26145 | D:11     | Killed a white ugly thing
 26182 | D:11     | Noticed a manticore
 26190 | D:11     | Killed a manticore
 26718 | D:11     | Noticed a cyclops
 26728 | D:11     | Killed a cyclops
 26729 | D:11     | Reached XP level 12. HP: 72/72 MP: 13/23
 27385 | D:11     | Noticed Josephine
 27394 | D:10     | Killed Josephine
 28221 | D:11     | Reached skill level 14 in Earth Magic
 29403 | D:11     | Reached **** piety under Vehumet
 31413 | D:12     | Found a runed translucent gate.
 31413 | D:12     | Found a runed translucent gate.
 31413 | D:12     | Found a runed translucent gate.
 31421 | D:12     | Noticed Beepinex's ghost (journeyman HOFi)
 31421 | D:12     | Noticed roke1's ghost (journeyman HOMo)
 31421 | D:12     | Noticed ubername's ghost (journeyman BaBe)
 32397 | D:13     | Noticed a vault guard
 32742 | D:13     | Killed a vault guard
 32884 | D:13     | Noticed a vault guard
 32889 | D:13     | Killed a vault guard
 32889 | D:13     | Offered knowledge of Frozen Ramparts by Vehumet.
 33001 | D:13     | Noticed a centaur warrior
 33007 | D:13     | Killed a centaur warrior
 33008 | D:13     | Reached skill level 10 in Staves
 33008 | D:13     | Reached XP level 13. HP: 49/76 MP: 13/25
 33253 | D:13     | Reached skill level 15 in Earth Magic
 34205 | D:13     | Noticed Sonja
 34481 | D:13     | Killed Sonja
 35213 | D:13     | Noticed a vault guard
 35213 | D:13     | Noticed a vault guard
 36390 | D:13     | Killed a vault guard
 36498 | D:13     | Killed a vault guard
 37067 | D:13     | Noticed a vault guard
 37071 | D:13     | Killed a vault guard
 37282 | D:13     | Found a gate to the Vaults.
 38913 | D:14     | Noticed Snorg
 38915 | D:14     | Reached skill level 16 in Earth Magic
 39085 | D:13     | Killed Snorg
 39539 | D:13     | Found a gate to the Vaults.
 40565 | D:14     | Gained mutation: Your large and strong wings let you fly
                  | indefinitely. [Gargoyle growth]
 40565 | D:14     | Reached XP level 14. HP: 75/82 MP: 25/27
 40769 | D:14     | Learned a level 9 spell: Shatter
 40969 | D:15     | Entered Level 15 of the Dungeon
 41883 | D:15     | Identified the ring "Koap" {rPois Str+6 Dex-3 Stlth+}
 42486 | D:15     | Reached skill level 17 in Earth Magic
 42683 | D:15     | Found Setreov's Armour Emporium.
 42768 | D:15     | Bought the +1 pair of boots "Idwehimem" {Int+7 Dex+3} for
                  | 450 gold pieces
 42794 | D:15     | Reached skill level 10 in Spellcasting
 42885 | D:15     | Paralysed by a floating eye for 3 turns
 42888 | D:15     | Reached ***** piety under Vehumet
 42982 | D:15     | Noticed Jorgrun
 43000 | D:14     | HP: 1/82 [Jorgrun/Lee's Rapid Deconstruction (30)]
 43649 | D:14     | Killed Jorgrun
 43872 | D:15     | Offered knowledge of Fulminant Prism by Vehumet.
 44068 | D:15     | Noticed Kirke
 44082 | D:15     | Killed Kirke
 44362 | D:15     | Found a staircase to the Depths.
 44362 | D:15     | Found a transporter.
 44594 | D:15     | Paralysed by a floating eye for 4 turns
 44605 | D:15     | Paralysed by a floating eye for 2 turns
 44610 | D:14     | Paralysed by a floating eye for 4 turns
 44617 | D:14     | Paralysed by a floating eye for 3 turns
 44623 | D:14     | Paralysed by a floating eye for 2 turns
 44843 | D:14     | Reached XP level 15. HP: 86/86 MP: 15/29
 45030 | D:14     | Reached skill level 18 in Earth Magic
 45289 | D:15     | Noticed Azrael
 45834 | D:15     | Killed Azrael
 47016 | D:15     | Reached skill level 10 in Dodging
 47131 | D:15     | Found Jeqauc's Armour Emporium.
 47142 | D:15     | Bought a +2 helmet for 247 gold pieces
 47544 | D:15     | Got a coiled turquoise ring
 47546 | D:15     | Identified the ring "Utotzeemp" {*Drain +Inv rN+ Str+8
                  | Dex+7} (You found it on level 15 of the Dungeon)
 47687 | D:15     | Reached skill level 1 in Shields
 47779 | D:15     | Found a transporter.
 47819 | D:15     | Got a brightly glowing golden ring
 47820 | D:15     | Identified the ring of Zopp {*Tele rC- Str+4 Int+2 Dex+4}
                  | (You found it on level 15 of the Dungeon)
 48090 | D:15     | Found Deyleotz's Antique Armour Emporium.
 48869 | D:12     | Killed ubername's ghost
 49523 | D:11     | Killed roke1's ghost
 49669 | D:11     | Killed Beepinex's ghost
 50174 | Lair:1   | Entered Level 1 of the Lair of Beasts
 50930 | Lair:1   | Reached skill level 19 in Earth Magic
 51822 | Lair:2   | Offered knowledge of Conjure Ball Lightning by Vehumet.
 51997 | Lair:2   | Noticed Fannar
 52002 | Lair:2   | Killed Fannar
 53860 | Lair:3   | Found a hole to the Spider Nest.
 54331 | Lair:3   | Reached XP level 16. HP: 86/94 MP: 21/31
 56291 | Lair:4   | You are sucked into a shaft and drop 1 floor!
 56885 | Lair:4   | Found a staircase to the Swamp.
 57025 | Lair:5   | Offered knowledge of Orb of Destruction by Vehumet.
 57245 | Lair:5   | Reached skill level 20 in Earth Magic
 58362 | Lair:6   | Entered Level 6 of the Lair of Beasts
 58379 | Lair:6   | Noticed Nessos
 58382 | Lair:6   | Killed Nessos
 60170 | Lair:6   | Noticed Urug
 60176 | Lair:6   | Killed Urug
 60469 | Lair:6   | Reached skill level 10 in Fighting
 60998 | Lair:6   | Found a staircase to the Slime Pits.
 61471 | Orc:1    | Entered Level 1 of the Orcish Mines
 61648 | Orc:1    | Found a roughly hewn altar of Beogh.
 61949 | Orc:1    | Found the +10 tower shield of Ignorance {rN+ Int-4}
 61955 | Orc:1    | Found a runed translucent door.
 61976 | Orc:1    | Found a runed translucent door.
 62638 | Orc:2    | Entered Level 2 of the Orcish Mines
 62739 | Orc:1    | Offered knowledge of Irradiate by Vehumet.
 63584 | Orc:2    | Reached XP level 17. HP: 102/102 MP: 32/33
 64302 | Orc:2    | Reached skill level 21 in Earth Magic
 64317 | Orc:2    | Paralysed by an orc sorcerer for 7 turns
 64324 | Orc:2    | Slain by an orc warrior

Illustrated notes

Levels and vault maps discovered:
D:1:      lemuel_arrival_room, layout_rooms
D:2:      layout_basic, minmay_joined_circles
D:3:      layout_loops_ring, nicolae_ru_sacrificial_ziggurat,
          nicolae_overflow_hidden_temple
D:4:      layout_loops_ring, kennysheep_mini, gammafunk_ghost_icy
D:5:      layout_rooms, lemuel_crystal_altar, nicolae_tso_carved_into_rock,
          ashenzari_conservatory_becter, nicolae_ossuary_entry_catacombs,
          portal_sewer_entry_e
D:6:      layout_cave_pods, zin_academy, serial_shops, nicolae_shop_waterfront
D:7:      layout_basic, minmay_temple_entry_enclosed_plants, serial_shops, shop
D:8:      minmay_the_grid_octo_tiled_octocenter [minmay_the_grid_octo_77,
          minmay_the_grid_octo_checkerflower, minmay_the_grid_octo_concentric,
          minmay_the_grid_octo_horde,
          minmay_the_grid_octo_prize_square_snowflake,
          minmay_the_grid_square_5x5_eight, minmay_the_grid_square_5x5_lines,
          minmay_the_grid_square_5x5_empty, minmay_the_grid_square_5x5_meh],
          layout_basic, okawaru_altar_gauntlet_db, lemuel_crystal_altar,
          minmay_misc_feat_tiny, grunt_ministairs_7
D:9:      layout_rooms, lair_entry_dummy, david_orc_4, kennysheep_small_circle
D:10:     layout_loops_ring, serial_shops, kennysheep_mini_moat, shop_coins,
          shop
D:11:     layout_basic, uniq_josephine
D:12:     layout_long_grid, gammafunk_ghost_cemetery
D:13:     layout_roguey, grunt_vaults_entry_fortified, uniq_sonja
D:14:     layout_cave_pools, serial_rivers, chequers_serial_rivers_micro_e,
          chequers_serial_rivers_micro_c, chequers_serial_rivers_micro_e,
          chequers_serial_rivers_small_b, chequers_serial_rivers_large_a,
          bh_walls_and_bars, uniq_snorg
D:15:     hangedman_spin_cycle, serial_shops, uniq_azrael, uniq_jorgrun
Temple:   cyrus_circular_temple
Lair:1:   layout_regular_city
Lair:2:   layout_misc_corridors, uniq_fannar
Lair:3:   beast_lair_carwin_large_3, layout_regular_city,
          nicolae_spider_entry_non_spiders, st_stairs_6,
          cheibrodos_lair_reptile_den, serial_bayou_shore_b
Lair:4:   layout_hall_layers, palyth_hydra_swamp_entry, bobbens_ice_dragon_lair,
          serial_bayou_shore_a
Lair:5:   layout_roguey, minmay_stone_trees_small, nicolae_lair_yak_garden
Lair:6:   grunt_lair_end_beastmaster, layout_long_grid, dpeg_slime_entry_corner,
          minivault_19, uniq_urug, uniq_nessos
Orc:1:    layout_caves, basic_altar, chequers_guarded_unrand_ignorance
Orc:2:    grunt_orc_tribal_feast, layout_caves

Skill      XL: |  1  2  3  4  5  6  7  8  9 10 11 12 13 14 15 16 17 |
---------------+----------------------------------------------------+-----
Earth Magic    | 4 5 6 7 9 10 12 13 14 16 17 19 20 21 | 21.0
Fighting       | 1 2 3 4 5 6 7 8 10 | 10.4
Dodging        | 2 3 4 5 6 7 8 9 10 | 10.0
Spellcasting   | 3 4 5 6 7 8 9 10 11 12 | 12.4
Staves         | 2 5 8 10 11 12 | 12.2
Shields        | 4 |  4.0
Stealth        | |  2.1
Transmutations | |  0.7

Action                   |  1- 3 |  4- 6 |  7- 9 | 10-12 | 13-15 | 16-18 || total
-------------------------+-------+-------+-------+-------+-------+-------++-------
Melee: Unarmed           |       |     1 |     5 |    21 |       |       ||    27
       Staff             |       |       |       |    54 |    52 |    91 ||   197
       Quarterstaff      |       |       |       |    40 |     7 |       ||    47
 Cast: Sandblast         |    62 |    92 |   187 |    35 |    43 |    14 ||   433
       Stone Arrow       |       |     1 |    53 |   223 |   259 |     3 ||   539
       Lee's Rapid Decon |       |       |    14 |   104 |   149 |    20 ||   287
       Petrify           |       |       |     4 |     3 |       |       ||     7
       Iron Shot         |       |       |       |       |   143 |   253 ||   396
 Abil: Fly               |       |       |       |       |     1 |       ||     1
Evoke: Wand              |       |       |     4 |     3 |     1 |       ||     8
       Condenser vane    |       |       |       |     2 |     2 |       ||     4
       Lightning rod     |       |       |       |       |     3 |       ||     3
  Use: Scroll            |     4 |     2 |     8 |    15 |    15 |     4 ||    48
       Potion            |       |       |       |       |     9 |       ||     9
Armor: Robe              |    20 |     5 |    58 |   166 |   161 |    99 ||   509
       Skin              |       |       |       |     2 |       |       ||     2
       Troll leather arm |       |       |       |       |    64 |       ||    64
Dodge: Dodged            |    23 |    13 |    84 |   193 |   301 |   160 ||   774
Block: Buckler           |       |       |       |       |    59 |   129 ||   188
       Reflection        |       |       |       |       |       |     5 ||     5
